 Dungeon Crawl Stone Soup version 0.31-a0-246-g8cbcc1cb85 (webtiles) character file.

Game seed: 13994702806922034539

102 qw the Shooter (level 4, 0/26 HPs)
             Began as a Gargoyle Hexslinger on July 12, 2023.
             Slain by a goblin
             ... wielding a +0 club
             ... led by Robin
              (5 damage)
             ... on level 2 of the Dungeon.
             The game lasted 00:00:37 (1396 turns).

qw the Shooter (Gargoyle Hexslinger)                Turns: 1396, Time: 00:00:38

Health: 0/26       AC:  6    Str: 12    XL:     4   Next: 77%
Magic:  5/5        EV: 11    Int: 13    God:
Gold:   74         SH:  0    Dex: 14    Spells: 4/5 levels left

rFire   . . .        Y - +1 sling
rCold   . . .        (no shield)
rNeg    + . .        f - +0 leather armour
rPois   inf          (no helmet)
rElec   +            (no cloak)
rCorr   .            (no gloves)
SInv    .            (no boots)
Will    .....        (no amulet)
Stlth   +            (no ring)
HPRegen 0.24/turn    (no ring)
MPRegen 0.09/turn

%: no passive effects
@: no status effects
A: sickness immunity, AC +3, negative energy resistance 1, electricity
resistance, torment resistance 1, petrification resistance
a: no special abilities


You were on level 2 of the Dungeon.
You visited 1 branch of the dungeon, and saw 2 of its levels.

You collected 74 gold pieces.


Innate Abilities, Weirdness & Mutations

You are immune to sickness and miasma.
Your stone body is resilient. (AC +3)
You are immune to poison.
You resist negative energy. (rN+)
You are resistant to electric shocks. (rElec)
You are resistant to unholy torment.
You are immune to petrification.


   Skills:
 - Level 2.0 Fighting
 + Level 4.5 Ranged Weapons
 - Level 1.5 Dodging
 - Level 1.0 Spellcasting
 - Level 2.6 Hexes


You had 4 spell levels left.
You knew the following spells:

 Your Spells              Type           Power      Damage    Failure   Level
a - Slow                  Hex            28%        N/A       12%         1

Your spell library contained the following spells:

 Spells                   Type           Power      Damage    Failure   Level
 Inner Flame              Hex/Fire       4%         N/A       52%         3
 Portal Projectile        Hex/Tloc       8%         N/A       52%         3
 Cause Fear               Hex            3%         N/A       75%         4

Inventory:

Hand Weapons
 Y - a +1 sling (weapon)
Armour
 b - a +0 pair of gloves
 f - a +0 leather armour (worn)
Scrolls
 c - a scroll of identify {unknown}
 d - a scroll of silence {unknown}
 h - a scroll of amnesia {unknown}
Potions
 a - a potion of curing {unknown}
 e - a potion of attraction {unknown}
 g - a potion of brilliance {unknown}

Dungeon Overview and Level Annotations

Branches:
Dungeon (2/15)

Altars:

Annotations:
D:2 Robin


Message History

A hobgoblin comes into view.
The goblin completely misses you. The giant cockroach barely misses you.
You shoot a sling bullet.
The sling bullet closely misses the giant cockroach.
The sling bullet hits the hobgoblin.
The hobgoblin is heavily wounded.
The giant cockroach closely misses you. The goblin hits you but does no damage.
The goblin barely misses you.
You shoot a sling bullet. The sling bullet hits the hobgoblin.
The hobgoblin is severely wounded.
The giant cockroach closely misses you. The goblin hits you with a +0 club.
The hobgoblin hits you but does no damage.
The goblin barely misses you.
The giant cockroach waves its antennae.
The giant cockroach closely misses you.
You shoot a sling bullet.
The sling bullet completely misses the hobgoblin.
The goblin barely misses you. The goblin hits you with a +0 club.
The giant cockroach barely misses you.
You shoot a sling bullet. The sling bullet hits the hobgoblin.
The hobgoblin is almost dead.
The giant cockroach barely misses you. The goblin hits you but does no damage.
The hobgoblin hits you but does no damage.
The goblin hits you with a +0 club. The hobgoblin closely misses you.
The hobgoblin hits you. The goblin closely misses you. The hobgoblin hits you.
Robin throws the goblin at you! The giant cockroach misses you.
The goblin closely misses you.
You shoot a sling bullet.
The sling bullet closely misses the hobgoblin.
The giant cockroach misses you.
The hobgoblin hits you but does no damage.
Robin's horned helmet rattles.
The hobgoblin hits you. The goblin misses you.
The hobgoblin hits you but does no damage.
The goblin hits you but does no damage. The goblin barely misses you.
You shoot a sling bullet. The sling bullet hits the hobgoblin.
You kill the hobgoblin!
The giant cockroach bites you but does no damage.
The hobgoblin closely misses you. The goblin hits you with a +0 club.
You die...

#..# #..%.
#..# #....
#..###########
##...
#........[....
#...
#.............
#...
#..........)..
#(..
#......g......
###.
#....ggg......
#.
#....g@Bg.....
#.
#.....gg..####
## #.........#
#.........#
...........#
#....########
#....# #....


You could see Robin, a giant cockroach, 3 hobgoblins and 4 goblins.

Vanquished Creatures
  3 gnolls (D:2)
  3 adders (D:2)
  2 dart slugs (D:1)
  3 ball pythons
  4 bats
  5 endoplasms
  2 giant cockroaches
  6 goblins
  3 hobgoblins
  3 quokkas
  A frilled lizard (D:1)
  5 kobolds
  3 rats (D:1)
43 creatures vanquished.

Notes
Turn   | Place    | Note
-------+----------+-------------------------------------------
     0 | D:1      | qw the Gargoyle Hexslinger began the quest for the Orb.
     0 | D:1      | Reached XP level 1. HP: 12/12 MP: 2/2
     0 | D:1      | 0 ||| qw: Version: 0.3-a-52-g30416fa
     0 | D:1      | 0 ||| qw: Game counter: 6480
     0 | D:1      | 0 ||| qw: Melee chars always use a shield: true
     0 | D:1      | 0 ||| qw: God list: Okawaru
     0 | D:1      | 0 ||| qw: Allow faded altars: false
     0 | D:1      | 0 ||| qw: Do Orc after clearing Dungeon:15 true
     0 | D:1      | 0 ||| qw: Do second Lair branch before Depths: true
     0 | D:1      | 0 ||| qw: Lair rune preference: random
     0 | D:1      | 0 ||| qw: Goals: Normal
     0 | D:1      | 0 ||| PLANNING D:1-11
   136 | D:1      | Reached XP level 2. HP: 16/16 MP: 3/3
   333 | D:1      | Reached skill level 3 in Ranged Weapons
   510 | D:1      | Reached XP level 3. HP: 21/21 MP: 4/4
  1006 | D:1      | 1006 ||| UPGRADING to +0 leather armour.
  1016 | D:1      | 1016 ||| DROPPING +0 robe.
  1017 | D:1      | 1017 ||| READING scroll labelled YSAEZ ZIMOMN.
  1018 | D:1      | 1018 ||| DROPPING scroll of poison.
  1205 | D:2      | Reached XP level 4. HP: 26/26 MP: 5/5
  1234 | D:2      | 1234 ||| Stepping ~*~*~tactically~*~*~ (outnumbered).
  1236 | D:2      | 1236 ||| Stepping ~*~*~tactically~*~*~ (outnumbered).
  1245 | D:2      | Reached skill level 4 in Ranged Weapons
  1245 | D:2      | 1245 ||| FLEEEEING.
  1246 | D:2      | 1246 ||| FLEEEEING.
  1247 | D:2      | 1247 ||| FLEEEEING.
  1248 | D:2      | 1248 ||| FLEEEEING.
  1249 | D:2      | 1249 ||| FLEEEEING.
  1250 | D:2      | 1250 ||| FLEEEEING.
  1251 | D:2      | 1251 ||| FLEEEEING.
  1252 | D:2      | 1252 ||| FLEEEEING.
  1253 | D:2      | 1253 ||| FLEEEEING.
  1389 | D:2      | Noticed Robin
  1395 | D:2      | HP: 5/26 [hobgoblin[Robin] (6)]
  1396 | D:2      | Slain by a goblin

Levels and vault maps discovered:
D:1:      dpeg_arrival_snail, layout_loops_corners, grunt_decor_arrowhead,
          nicolae_houndstooth_variations
D:2:      wander_river, layout_basic, uniq_crazy_yiuf_cottage, uniq_jessica,
          uniq_robin

Skill      XL: |  1  2  3  4 |
---------------+-------------+-----
Ranged Weapons | 3 4 |  4.5
Fighting       | 2 |  2.0
Dodging        | |  1.5
Spellcasting   | |  1.0
Hexes          | |  2.6

Action                     |  1- 3 |  4- 6 || total
---------------------------+-------+-------++-------
   Fire: Sling             |   114 |    47 ||   161
    Use: Scroll            |     1 |       ||     1
 Armour: Robe              |    15 |       ||    15
         Leather armour    |     8 |    16 ||    24
  Dodge: Dodged            |    45 |    26 ||    71

Table legend:
 A = Non-vault XP
 B = Vault XP
 C = Vault XP percentage of total XP
 D = Non-vault monster count
 E = Vault monster count
 F = Vault count percentage of total count
                 A         B        C        D         E       F
            +---------+---------+-------+---------+---------+-------
      Total |     140 |       8 |   5.4 |      39 |       4 |   9.3
            +---------+---------+-------+---------+---------+-------
        D:1 |      43 |       0 |   0.0 |      23 |       0 |   0.0
        D:2 |      97 |       8 |   7.6 |      16 |       4 |  20.0
            +---------+---------+-------+---------+---------+-------
